 Dungeon Crawl Stone Soup version 0.28.0 (webtiles) character file.

Game seed: 9603448386543737620

709 SnakkuSnakku7 the Slasher (level 7, -20/46 HPs)
             Began as a Barachi Necromancer on Feb 14, 2022.
             Demolished by a two-headed ogre (28 damage)
             ... on level 5 of the Dungeon.
             The game lasted 00:08:16 (6819 turns).

SnakkuSnakku7 the Slasher (Barachi Necromancer)     Turns: 6819, Time: 00:08:19

Health: -20/46     AC:  3    Str: 10    XL:     7   Next: 68%
Magic:  10/10      EV: 12    Int: 17    God:
Gold:   191        SH:  0    Dex: 12    Spells: 6/10 levels left

rFire   . . .      SeeInvis .   p - +3 short sword
rCold   . . .      Faith    .   (no shield)
rNeg    . . .      Spirit   .   r - +1 robe
rPois   .          Reflect  .   (no helmet)
rElec   .          Harm     .   (no cloak)
rCorr   .          Rampage  .   (no gloves)
Will    .....                   (no boots)
Stlth   ++........              (no amulet)
HPRegen 0.15/turn               (no ring)
MPRegen 0.12/turn               (no ring)

@: unable to hop, slow
A: amphibious, slowness 1, strong legs 1, +LOS
a: Hop


You were on level 5 of the Dungeon.
You visited 1 branch of the dungeon, and saw 5 of its levels.

You collected 191 gold pieces.

Inventory:

Hand Weapons
 a - a +0 triple sword
 c - a +0 club
 d - a +0 whip
 p - a +3 short sword (weapon)
Missiles
 t - 3 poisoned darts
Armour
 r - a +1 robe (worn)
Magical Staves
 m - a staff of cold
Jewellery
 k - an amulet of faith
 q - a ring of protection from fire
 y - a ring of flight
 z - a ring of willpower
Wands
 g - a wand of acid (5)
Scrolls
 b - 2 scrolls of teleportation
 n - 2 scrolls of fear
Potions
 e - a potion of brilliance
 i - a potion of resistance {unknown}
 j - 2 potions of curing {unknown}
 o - a potion of lignification
 s - a potion of haste {unknown}
 w - a potion of flight
 x - 2 potions of cancellation {unknown}


   Skills:
 + Level 7.3 Long Blades
 - Level 2.1 Dodging
 - Level 1.7 Stealth
 - Level 2.1 Spellcasting
 - Level 6.1 Necromancy


You had 6 spell levels left.
You knew the following spells:

 Your Spells              Type           Power      Damage    Failure   Level
a - Pain                  Necr           88%        1d8       1%          1
b - Vampiric Draining     Necr           22%        2d7       4%          3

Your spell library contained the following spells:

 Spells                   Type           Power      Damage    Failure   Level
 Animate Skeleton         Necr           44%        N/A       1%          1
 Animate Dead             Necr           11%        N/A       16%         4
 Magic Dart               Conj           4%         1d3       19%         1
 Call Imp                 Summ           1%         N/A       28%         2
 Agony                    Necr           22%        N/A       41%         5
 Excruciating Wounds      Necr           11%        N/A       41%         5
 Mephitic Cloud           Conj/Pois/Air  1%         N/A       50%         3
 Portal Projectile        Hex/Tloc       2%         N/A       50%         3
 Blade Hands              Tmut           0%         N/A       99%         5


Dungeon Overview and Level Annotations

Branches:
Dungeon (5/15)
 Temple: D:4-7

Altars:

Shops:
D:4 (   D:5 (

Annotations:
D:5 exclusion: two-headed ogre


Innate Abilities, Weirdness & Mutations

You are amphibious.
You cover ground slowly.
You can hop short distances.
You have an extended range of vision and can be seen from far away.


Message History

Okay, then.
That's the wrong kind of item! (Use * to select it.) Evoke which item? (* to show all) (? for menu, Esc to quit)
Okay, then.
That's the wrong kind of item! (Use * to select it.) Evoke which item? (* to show all) (? for menu, Esc to quit)
Okay, then.
Throw: 5 darts (poison)
Press: ? - help, Shift-Dir - straight line, f/p - two-headed ogre
Aim: a two-headed ogre, wielding a +0 giant spiked club and a +0 giant club (heavily wounded, poisoned, covered in acid, 72% to hit)
You throw a poisoned dart.
The poisoned dart hits the two-headed ogre.
The two-headed ogre is heavily wounded.
Okay, then.
Throw: 4 darts (poison)
Press: ? - help, Shift-Dir - straight line, f/p - two-headed ogre
Aim: a two-headed ogre, wielding a +0 giant spiked club and a +0 giant club (heavily wounded, poisoned, covered in acid, 72% to hit)
You throw a poisoned dart.
The poisoned dart hits the two-headed ogre.
The two-headed ogre looks even sicker.
The two-headed ogre is heavily wounded.
Aiming: Corrosive Bolt
Press: ? - help, Shift-Dir - straight line, f/p - two-headed ogre
Aim: a two-headed ogre, wielding a +0 giant spiked club and a +0 giant club (heavily wounded, very poisoned, covered in acid, 86% to hit)
The bolt of acid hits the two-headed ogre!
The two-headed ogre seems to be corroded for longer.
The two-headed ogre is severely wounded.
Unknown command.
Aiming: Corrosive Bolt
Press: ? - help, Shift-Dir - straight line, f/p - two-headed ogre
Aim: a two-headed ogre, wielding a +0 giant spiked club and a +0 giant club (severely wounded, very poisoned, covered in acid, 86% to hit)
The bolt of acid hits the two-headed ogre!
The two-headed ogre seems to be corroded for longer.
The two-headed ogre is almost dead.
The two-headed ogre hits you with a +0 giant spiked club!!!
Ouch! That really hurt!
* * * LOW HITPOINT WARNING * * *
The two-headed ogre hits you with a +0 giant club!!
Ouch! That really hurt!
You die...

#....#.....# #.........#
#....#.....# #.........#
#....####### #......)..#
.....(# #.........#
......# #......<..#
#+#############.........#
........................#
........................#
................@.......#
.........?.....O........#
........................#
#............(....#######
#..(..(...((......#
.....[..........#
................#
..................#
...?..............#


You could see a two-headed ogre (poisoned, corroded).

Vanquished Creatures
  2 ogres
  Blork the orc (D:5)
  A kobold brigand (D:4)
  A scorpion (D:5)
  A water moccasin zombie (D:5)
  A centaur skeleton (D:3)
  A hound (D:5)
  A jelly (D:2)
  2 iguanas
  A hound skeleton (D:4)
  4 adders
  An adder skeleton (D:4)
  2 worms
  An orc (D:3)
  9 bats
  12 endoplasms
  8 giant cockroaches
  7 goblins
  8 hobgoblins
  10 jackals
  5 quokkas
  9 ball pythons
  2 frilled lizards (D:1)
  5 kobolds
  6 rats
101 creatures vanquished.

Vanquished Creatures (others)
  4 plants (D:4)
4 creatures vanquished.

Grand Total: 105 creatures vanquished

Notes
Turn   | Place    | Note
-------+----------+-------------------------------------------
     0 | D:1      | SnakkuSnakku7 the Barachi Necromancer began the quest for
                  | the Orb.
     0 | D:1      | Reached XP level 1. HP: 13/13 MP: 3/3
     2 | D:1      | Found a runed translucent door.
     3 | D:1      | Noticed a jelly
   246 | D:1      | Reached XP level 2. HP: 18/19 MP: 3/5
   247 | D:1      | You fall into a shaft and drop 1 floor!
   870 | D:2      | Reached XP level 3. HP: 9/24 MP: 1/6
  1861 | D:2      | Reached skill level 5 in Necromancy
  1861 | D:2      | Reached XP level 4. HP: 25/30 MP: 3/7
  2720 | D:2      | Learned a level 3 spell: Vampiric Draining
  3021 | D:2      | Found a faded altar of an unknown god.
  3463 | D:3      | Reached XP level 5. HP: 19/35 MP: 4/8
  4456 | D:4      | Reached skill level 1 in Long Blades
  4593 | D:4      | Reached skill level 2 in Long Blades
  4593 | D:4      | Reached XP level 6. HP: 30/41 MP: 9/9
  4622 | D:4      | Reached skill level 3 in Long Blades
  5119 | D:4      | Reached skill level 4 in Long Blades
  5158 | D:4      | Found Uniashigg's Weapon Emporium.
  5312 | D:5      | Entered Level 5 of the Dungeon
  5375 | D:5      | Noticed a two-headed ogre
  5500 | D:5      | Found Zegoriul's Weapon Shop.
  5510 | D:5      | Reached skill level 5 in Long Blades
  5510 | D:5      | Reached XP level 7. HP: 46/46 MP: 10/10
  5810 | D:5      | Reached skill level 6 in Long Blades
  6525 | D:5      | Noticed Blork the orc
  6536 | D:5      | Killed Blork the orc
  6537 | D:5      | Reached skill level 7 in Long Blades
  6819 | D:5      | Demolished by a two-headed ogre

Illustrated notes

Levels and vault maps discovered:
D:1:      dpeg_arrival_caged_fury, layout_basic, chequers_serial_rivers_marsh,
          minmay_misc_feat_encased
D:2:      layout_loops_corners, hellmonk_ecumenical_altar_inner_sanctum,
          minmay_split_cup_small
D:3:      layout_basic, kennysheep_nub
D:4:      layout_basic, serial_shops, shop, kennysheep_boxes
D:5:      layout_gridville, serial_shops, nicolae_shop_trees, uniq_blork_the_orc

Skill      XL: |  1  2  3  4  5  6  7 |
---------------+----------------------+-----
Necromancy     | 4 5 6 |  6.1
Long Blades    | 2 5 7 |  7.3
Dodging        | |  2.1
Stealth        | |  1.7
Spellcasting   | |  2.1

Action                   |  1- 3 |  4- 6 |  7- 9 || total
-------------------------+-------+-------+-------++-------
Melee: Club              |     1 |       |       ||     1
       Whip              |   101 |       |       ||   101
       Staff             |     2 |    78 |       ||    80
       Punch             |     2 |     6 |     1 ||     9
       Short sword       |       |   102 |    39 ||   141
Throw: Dart              |       |       |    15 ||    15
 Cast: Pain              |    38 |    27 |       ||    65
       Vampiric Draining |       |    17 |     6 ||    23
 Abil: Hop               |     2 |       |     1 ||     3
Evoke: Wand              |       |       |     5 ||     5
  Use: Scroll            |       |       |     9 ||     9
 Stab: Sleeping          |     1 |     3 |       ||     4
Armor: Robe              |    28 |    43 |     3 ||    74
Dodge: Dodged            |    78 |   196 |    25 ||   299
